 Dungeon Crawl Stone Soup version 0.20.0-8-g6b59dc7 (webtiles) character file.

219 w00t the Cudgeler (level 5, -3/32 HPs)
             Began as a Gargoyle Fighter on June 2, 2017.
             Slain by a mummy (8 damage)
             ... in an ossuary.
             The game lasted 00:02:58 (3325 turns).

w00t the Cudgeler (Gargoyle Fighter)                Turns: 3325, Time: 00:02:58

Health: -3/32      AC: 13    Str: 24    XL:     5   Next: 96%
Magic:  5/5        EV:  7    Int:  9    God:
Gold:   185        SH:  9    Dex: 10    Spells: 4/4 levels left

rFire    x . .     SeeInvis .   a - +0 flail
rCold    + . .     Gourm    .   c - +0 shield
rNeg     + + .     Faith    .   w - +0 scale mail
rPois    ∞         Spirit   .   v - +0 helmet
rElec    +         Reflect  .   (no cloak)
rCorr    .         Harm     .   h - +0 pair of gloves
MR       .....                  (no boots)
Stlth    ..........             (no amulet)
Regen    0.1/turn               s - ring of positive energy {rN+}
MPRegen  0.1/turn               z - ring of ice {rC+, rF-}

@: mighty
A: negative energy resistance 1, electricity resistance, unbreathing,
petrification resistance, rot immunity, AC +4
a: no special abilities


You were in an ossuary.
You were hungry.

You visited 1 branch of the dungeon, and saw 4 of its levels.
You also visited: Ossuary.

You collected 185 gold pieces.

Inventory:

Hand Weapons
 a - a +0 flail (weapon)
Missiles
 e - 91 stones (quivered)
 t - 10 tomahawks
Armour
 c - a +0 shield (worn)
 h - a +0 pair of gloves (worn)
 v - a +0 helmet (worn)
 w - a +0 scale mail (worn)
Jewellery
 s - a ring of positive energy (left hand) {rN+}
 z - a ring of ice (right hand) {rC+, rF-}
Wands
 b - a wand of confusion (27/48)
Scrolls
 j - a scroll of teleportation {unknown}
 k - 4 scrolls of identify {unknown}
 o - 2 scrolls of magic mapping {unknown}
 p - 2 scrolls of remove curse {unknown}
 q - a scroll of amnesia {unknown}
 y - 2 scrolls of blinking {unknown}
 D - a scroll of immolation {unknown}
Potions
 i - 2 potions of mutation {unknown}
 l - 2 potions of curing {unknown}
 n - a potion of degeneration {unknown}
 r - 2 potions of haste {unknown}
 x - a potion of heal wounds {unknown}
 A - a potion of magic {unknown}
 B - a potion of ambrosia {unknown}
Books
 u - a book of Cantrips

   Spells                             Type                      Level
   a - Confusing Touch                Hexes                        1
   b - Animate Skeleton               Necromancy                   1
   c - Summon Small Mammal            Summoning                    1
   d - Apportation                    Translocation                1
Comestibles
 f - 6 bread rations
 g - a fruit
 m - a meat ration
 C - a royal jelly


   Skills:
 - Level 3.2 Fighting
 * Level 6.0 Maces & Flails
 - Level 3.2 Armour
 - Level 3.2 Shields


You had 4 spell levels left.
You didn't know any spells.

Dungeon Overview and Level Annotations

Branches:
Dungeon (4/15)
 Temple: D:4-7

Altars:
Hepliaklqana
Trog


Innate Abilities, Weirdness & Mutations

You are resistant to torment.
Your stone body is resilient. (AC +4)
You are immune to poison.
You resist negative energy. (rN+)
You are resistant to electric shocks. (rElec)
You can survive without breathing.
You are immune to petrification.
You are immune to rotting.


Message History

You bludgeon the mummy!!
You destroy the mummy!
You hit the mummy.
The mummy is severely damaged.
You block the mummy's attack. x2
You barely miss the mummy.
The mummy is severely damaged.
You sock the mummy!
You destroy the mummy!
Your Maces & Flails skill increases to level 6!
The mummy hits you.
* * * LOW HITPOINT WARNING * * *
A hound zombie comes into view.
The mummy hits you!
* * * LOW HITPOINT WARNING * * *
You barely miss the mummy. You sock the mummy!
The mummy is almost destroyed.
The mummy hits you!
You die...

##+ '.
#.#####
+.#...#
#ZM@∩.#
#.ZZ#..∩#
###.#####
'M ##. .Z
≈≈ .≈


You could see a mummy, a hound zombie and 2 bullfrog zombies.

Vanquished Creatures
  A scorpion (D:4)
  A hound (D:4)
  An orc wizard (D:4)
  Terence (D:3)
  2 mummies (Ossuary)
  An adder skeleton (D:4)
  A dart slug (D:1)
  A leopard gecko (D:1)
  6 orcs
  2 giant cockroaches
  3 hobgoblins
  2 quokkas (D:2)
  A ball python (D:1)
  6 bats
  3 frilled lizards
  7 goblins (D:1)
  A jackal skeleton (D:4)
  8 kobolds
  2 rats (D:1)
50 creatures vanquished.

Vanquished Creatures (others)
  2 withered plants (Ossuary)
2 creatures vanquished.

Grand Total: 52 creatures vanquished

Notes
Turn   | Place    | Note
-------+----------+-------------------------------------------
     0 | D:1      | w00t the Gargoyle Fighter began the quest for the Orb.
     0 | D:1      | Reached XP level 1. HP: 14/14 MP: 1/1
   390 | D:1      | Reached XP level 2. HP: 19/19 MP: 2/2
   649 | D:1      | Reached skill level 3 in Maces & Flails
   899 | D:1      | Reached XP level 3. HP: 23/23 MP: 3/3
  1212 | D:2      | Found a hazy altar of Hepliaklqana.
  2080 | D:3      | Reached skill level 4 in Maces & Flails
  2398 | D:3      | Noticed Terence
  2415 | D:3      | Killed Terence
  2415 | D:3      | Reached XP level 4. HP: 22/28 MP: 4/4
  2956 | D:4      | Reached skill level 5 in Maces & Flails
  3092 | D:4      | Reached XP level 5. HP: 29/32 MP: 5/5
  3212 | D:4      | Found a bloodstained altar of Trog.
  3286 | D:4      | Found a sand-covered staircase.
  3293 | Ossuary  | Entered an ossuary
  3322 | Ossuary  | Reached skill level 6 in Maces & Flails
  3325 | Ossuary  | Slain by a mummy

Skill      XL: |  1  2  3  4  5 |
---------------+----------------+-----
Maces & Flails | 3 4 5 6 |  6.0
Fighting       | |  3.2
Armour         | |  3.2
Shields        | |  3.2

Action                   |  1- 3 |  4- 6 || total
-------------------------+-------+-------++-------
Melee: Flail             |   152 |    58 ||   210
Throw: Stone             |    80 |     9 ||    89
  Use: Potion            |       |     1 ||     1
  Eat: Chunk             |     5 |     2 ||     7
Armor: Scale mail        |    64 |    35 ||    99
Dodge: Dodged            |    34 |    14 ||    48
Block: Shield            |    74 |    35 ||   109
